 Dungeon Crawl Stone Soup version 0.22-a0-247-gbddf880757 (webtiles) character file.

24164 Peterchen the Severer (level 12, -3/112 HPs)
             Began as a Minotaur Berserker on Feb 24, 2018.
             Was an Elder of Trog.
             Slain by a white ugly thing (11 damage)
             ... on level 13 of the Dungeon.
             The game lasted 00:46:00 (11354 turns).

Peterchen the Severer (Minotaur Berserker)         Turns: 11354, Time: 00:46:01

Health: -3/112     AC: 21    Str: 26    XL:     12   Next: 78%
Magic:  11/11      EV: 12    Int:  6    God:    Trog [****..]
Gold:   318        SH: 10    Dex: 14    Spells: 11/11 levels left

rFire    . . .     SeeInvis .   y - +8 war axe (freeze)
rCold    + . .     Gourm    +   l - +2 shield
rNeg     + . .     Faith    .   O - +6 chain mail {rC+}
rPois    .         Spirit   .   (helmet restricted)
rElec    .         Reflect  .   r - +0 cloak
rCorr    .         Harm     .   H - +0 pair of gloves {Dex+3}
MR       .....                  (no boots)
Stlth    ..........             J - amulet of the gourmand
HPRegen  0.28/turn              q - +2 ring of intelligence
MPRegen  0.12/turn              K - ring of positive energy

@: berserk cooldown, very slightly contaminated, slowed, very slow
A: retaliatory headbutt, horns 2
a: Berserk, Trog's Hand, Brothers in Arms, Renounce Religion


You were on level 13 of the Dungeon.
You worshipped Trog.
Trog was greatly pleased with you.
You were very full.

You visited 1 branch of the dungeon, and saw 13 of its levels.

You collected 816 gold pieces.
You spent 498 gold pieces at shops.

Inventory:

Hand Weapons
 y - a +8 war axe of freezing (weapon)
Missiles
 C - 4 tomahawks (quivered)
 N - 7 javelins
Armour
 l - a +2 shield (worn)
 r - a +0 cloak (worn)
 H - a +0 pair of gloves of dexterity (worn)
 O - a +6 chain mail of cold resistance (worn)
Jewellery
 k - an uncursed ring of poison resistance {unknown}
 q - a +2 ring of intelligence (left hand)
 F - a cursed -2 ring of evasion {unknown}
 J - an amulet of the gourmand (around neck)
 K - a ring of positive energy (right hand)
Wands
 b - a wand of flame (26)
 i - a wand of disintegration (6)
 D - a wand of digging (29)
 G - a wand of acid (3)
 L - a wand of iceblast (7)
Scrolls
 d - a scroll of blinking
 e - 3 scrolls of amnesia
 h - 2 scrolls of identify
 m - 8 scrolls of remove curse
 n - 3 scrolls of teleportation
 p - 2 scrolls of magic mapping
 t - 6 scrolls of fog
 x - a scroll of random uselessness {unknown}
 E - a scroll of immolation
Potions
 a - 4 potions of lignification
 f - a potion of magic
 g - 5 potions of curing
 j - 2 potions of flight {unknown}
 s - a potion of might {unknown}
 u - a potion of mutation {unknown}
 v - 2 potions of invisibility {unknown}
 w - 2 potions of degeneration {unknown}
 z - 3 potions of agility
 A - 2 potions of haste {unknown}
 B - a potion of berserk rage {unknown}
Miscellaneous
 I - a phial of floods
Comestibles
 c - 27 rations
 M - 8 chunks of flesh


   Skills:
 + Level 12.0 Fighting
 * Level 15.9 Axes
 + Level 11.7 Armour
 + Level 10.9 Dodging


You had 11 spell levels left.
You didn't know any spells.

Dungeon Overview and Level Annotations

Branches:
Dungeon (13/15)            Temple (0/1) D:4            Lair (0/6) D:8
    Orc (0/2) D:9
 Vaults: D:13-14

Altars:
Ashenzari
Elyvilon
Fedhas
Hepliaklqana
Kikubaaqudgha
Makhleb
Ru
Uskayaw
Vehumet
Xom
Yredelemnul
Zin
The Shining One

Shops:
D:8 [   D:9 [   D:10 *


Innate Abilities, Weirdness & Mutations

You reflexively headbutt those who attack you in melee.
You have a pair of horns on your head.


Message History

You resist.
The shadow strikes at you from the darkness!
You slash something! You slash the white ugly thing!
You freeze the white ugly thing. The white ugly thing headbutts you.
The white ugly thing freezes you! You resist.
* * * LOW HITPOINT WARNING * * *
The shadow strikes at you from the darkness!
* * * LOW HITPOINT WARNING * * *
Reactivating autopickup.
You hit the shadow but do no damage. You headbutt the shadow.
The shadow is severely damaged.
You slash the white ugly thing!
The white ugly thing headbutts you but does no damage.
You block the shadow's attack.
You closely miss the shadow. You headbutt the shadow.
The shadow is severely damaged.
You slash the white ugly thing! The white ugly thing headbutts you!
* * * LOW HITPOINT WARNING * * *
The white ugly thing freezes you! You resist.
You die...

#.)...... #........ #
##........ #.
#......###
#.###########......#
#..........##.........
#..........##.[....###
#.<................#
#...W@.....##(.....#
#....u.....##......#
#.......<..##......#
#..........#########
#..........#
############


You could see a white ugly thing and a shadow.

Vanquished Creatures
  Josephine (D:11)
  Harold (D:11)
  A hydra (D:12)
  A centaur warrior (D:10)
  2 two-headed ogres
  Erica (D:9)
  2 tengu warriors
  Urug (D:11)
  Nergalle (D:11)
  2 unseen horrors
  A cyclops (D:13)
  2 ugly things (D:12)
  Maurice (D:9)
  3 kobold demonologists
  A troll (D:12)
  3 hornets
  Prince Ribbit (D:7)
  3 hippogriffs
  4 slime creatures
  2 wyverns
  4 wraiths (D:11)
  10 yaks
  Grum (D:9)
  A steam dragon (D:12)
  6 hungry ghosts
  A porcupine (D:8)
  A water moccasin (D:11)
  Duvessa (D:7)
  2 black bears
  A phantom (D:8)
  2 sky beasts
  3 ice beasts
  An eye of draining (D:11)
  5 orc warriors
  A necrophage (D:9)
  4 ogres
  2 wolves (D:9)
  9 centaurs
  2 crocodiles
  3 big kobolds
  Blork the orc (D:5)
  6 bullfrogs
  A gnoll sergeant (D:9)
  4 scorpions
  Dowan (D:7)
  8 killer bees
  3 wights
  9 howler monkeys
  3 crimson imps
  A bullfrog zombie (D:8)
  3 hounds
  6 orc priests
  A jelly (D:7)
  Crazy Yiuf (D:3)
  A quasit (D:10)
  3 centaur skeletons
  3 bullfrog skeletons
  5 iguanas
  10 orc wizards
  16 worker ants
  A howler monkey zombie (D:5)
  12 gnolls
  15 adders
  4 shadow imps
  An adder skeleton (D:3)
  4 worms
  5 dart slugs
  5 leopard geckos
  29 orcs
  2 ball pythons
  7 bats
  9 giant cockroaches
  8 goblins
  6 hobgoblins
  5 jackals
  13 kobolds
  4 quokkas
  A ball python skeleton (D:4)
  4 frilled lizards
  A giant cockroach zombie (D:5)
  A leopard gecko skeleton (D:4)
  A leopard gecko zombie (D:5)
  8 rats
  8 fungi (D:8)
  3 plants (D:8)
337 creatures vanquished.

Vanquished Creatures (collateral kills)
  2 two-headed ogres (D:13)
  A tengu conjurer (D:13)
  A wight (D:13)
  A bullfrog skeleton (D:13)
  An orc wizard (D:11)
6 creatures vanquished.

Vanquished Creatures (others)
  6 fungi (D:8)
  A plant (D:8)
7 creatures vanquished.

Grand Total: 350 creatures vanquished

Notes
Turn   | Place    | Note
-------+----------+-------------------------------------------
     0 | D:1      | Peterchen the Minotaur Berserker began the quest for the Orb.
     0 | D:1      | Reached XP level 1. HP: 19/19 MP: 0/0
   208 | D:1      | Reached XP level 2. HP: 25/27 MP: 1/1
   308 | D:1      | Reached skill level 4 in Axes
   628 | D:1      | Reached XP level 3. HP: 28/33 MP: 2/2
   673 | D:1      | Found a glowing golden altar of the Shining One.
  1000 | D:2      | Found an ancient bone altar of Kikubaaqudgha.
  1011 | D:2      | Reached ** piety under Trog
  1057 | D:2      | Reached XP level 4. HP: 34/40 MP: 3/3
  1160 | D:2      | Found a radiant altar of Vehumet.
  1160 | D:2      | Found a burning altar of Makhleb.
  1496 | D:2      | Reached skill level 5 in Axes
  1705 | D:3      | Reached XP level 5. HP: 43/47 MP: 4/4
  2292 | D:3      | Found a runed door.
  2297 | D:3      | Noticed Crazy Yiuf
  2303 | D:3      | Killed Crazy Yiuf
  2539 | D:4      | Reached XP level 6. HP: 41/55 MP: 5/5
  2592 | D:4      | Found a sacrificial altar of Ru.
  2634 | D:4      | Found a hazy altar of Hepliaklqana.
  2757 | D:4      | Reached skill level 5 in Fighting
  2757 | D:4      | Reached skill level 6 in Axes
  2943 | D:4      | Found a basalt altar of Yredelemnul.
  3382 | D:4      | Found a staircase to the Ecumenical Temple.
  3418 | D:5      | Entered Level 5 of the Dungeon
  3435 | D:5      | Reached *** piety under Trog
  3450 | D:5      | Reached XP level 7. HP: 39/61 MP: 6/6
  3570 | D:5      | Reached skill level 7 in Axes
  3590 | D:5      | Noticed Blork the orc
  3596 | D:5      | Killed Blork the orc
  3596 | D:5      | Reached skill level 5 in Armour
  3930 | D:5      | Found a glowing silver altar of Zin.
  4125 | D:6      | Reached skill level 5 in Dodging
  4141 | D:6      | Found a shattered altar of Ashenzari.
  4149 | D:6      | Found a hide-covered altar of Uskayaw.
  4152 | D:6      | Found a blossoming altar of Fedhas.
  4171 | D:6      | Reached XP level 8. HP: 70/70 MP: 7/7
  4326 | D:6      | Reached skill level 8 in Axes
  4538 | D:7      | Noticed a hornet
  4556 | D:6      | Killed a hornet
  5030 | D:7      | Noticed a hippogriff
  5040 | D:7      | Killed a hippogriff
  5040 | D:7      | Reached skill level 9 in Axes
  5150 | D:7      | Noticed Prince Ribbit
  5161 | D:7      | Killed Prince Ribbit
  5161 | D:7      | Reached XP level 9. HP: 79/79 MP: 8/8
  5212 | D:7      | Noticed Dowan
  5213 | D:7      | Noticed Duvessa
  5222 | D:7      | Killed Dowan
  5230 | D:7      | Killed Duvessa
  5231 | D:7      | Reached skill level 10 in Axes
  5756 | D:8      | Reached skill level 11 in Axes
  5774 | D:8      | Found a shimmering altar of Xom.
  5804 | D:8      | Found Juucvudu's Antique Armour Boutique.
  5812 | D:8      | Bought a jewelled ring mail for 288 gold pieces
  5822 | D:8      | Identified the +5 ring mail of Shadows and Fog {-Tele +Inv MP+9 Int+9} (You bought it in a shop on level 8 of the Dungeon)
  6146 | D:8      | Reached **** piety under Trog
  6161 | D:8      | Found a white marble altar of Elyvilon.
  6276 | D:8      | Reached XP level 10. HP: 34/90 MP: 9/9
  6293 | D:8      | Found a staircase to the Lair.
  6730 | D:9      | Noticed a two-headed ogre
  6738 | D:9      | Killed a two-headed ogre
  7036 | D:9      | Noticed Grum
  7039 | D:9      | Reached skill level 12 in Axes
  7049 | D:9      | Killed Grum
  7091 | D:9      | Noticed Erica
  7104 | D:9      | Killed Erica
  7695 | D:9      | Noticed Maurice
  7713 | D:9      | Killed Maurice
  7764 | D:9      | Found Wulyibit's Antique Armour Emporium.
  7773 | D:9      | Bought a pair of runed gloves for 210 gold pieces
  7813 | D:9      | Found a staircase to the Orcish Mines.
  7945 | D:10     | Entered Level 10 of the Dungeon
  8054 | D:10     | Noticed a centaur warrior
  8073 | D:10     | Killed a centaur warrior
  8073 | D:10     | Reached skill level 13 in Axes
  8073 | D:10     | Reached XP level 11. HP: 70/99 MP: 10/10
  8234 | D:10     | Reached skill level 10 in Fighting
  8578 | D:10     | Found Ebarch's General Store.
  8641 | D:11     | Noticed Josephine
  9053 | D:11     | Noticed Nergalle
  9057 | D:11     | Noticed a spectral orc warlord
  9063 | D:11     | Killed Nergalle
  9273 | D:11     | Noticed Harold
  9287 | D:11     | Killed Harold
  9360 | D:11     | Noticed a tengu warrior
  9372 | D:11     | Killed a tengu warrior
  9372 | D:11     | Reached skill level 10 in Armour
  9454 | D:11     | Noticed Urug
  9473 | D:11     | Killed Urug
  9861 | D:11     | Killed Josephine
  9861 | D:11     | Reached skill level 14 in Axes
 10302 | D:12     | Noticed a two-headed ogre
 10308 | D:12     | Killed a two-headed ogre
 10343 | D:12     | Killed an unseen horror
 10343 | D:12     | Reached XP level 12. HP: 98/110 MP: 11/11
 10479 | D:12     | Reached skill level 10 in Dodging
 10612 | D:12     | Reached skill level 15 in Axes
 10784 | D:12     | Noticed a four-headed hydra
 10789 | D:12     | Killed a seven-headed hydra
 11193 | D:13     | Noticed a tengu warrior
 11205 | D:12     | Killed a tengu warrior
 11242 | D:13     | Noticed a two-headed ogre
 11244 | D:13     | Noticed a two-headed ogre
 11247 | D:13     | Killed a two-headed ogre
 11251 | D:13     | Killed a two-headed ogre
 11304 | D:13     | Noticed a centaur warrior
 11306 | D:13     | Noticed a rakshasa
 11354 | D:13     | Slain by a white ugly thing

Vault maps used:
D:1:      dpeg_arrival_tiny_i, tso_altar
D:2:      gammafunk_temple_overflow_wave, lemuel_round_altar,
          serial_bayou_pond_c
D:3:      uniq_crazy_yiuf_cottage
D:4:      kennysheep_mini_moat, lemuel_round_altar, lemuel_round_altar,
          minmay_temple_entry_junction, first_ration
D:5:      kennysheep_mini, uniq_blork_the_orc
D:6:      grunt_temple_overflow_open
D:7:      uniq_prince_ribbit1, uniq_duvessa
D:8:      elyvilon_altar_3, lemuel_crystal_altar,
          grunt_lair_entry_orc_guard_hut, serial_shops, shop
D:9:      orc_0_dummy, serial_shops, shop, uniq_maurice, uniq_grum, uniq_erica
D:10:     serial_shops, shop_fountains
D:11:     grunt_tengu_nest, uniq_harold, uniq_josephine, uniq_nergalle,
          uniq_urug
D:12:     abandoned_shop, stair_cage_cross

Skill      XL: |  1  2  3  4  5  6  7  8  9 10 11 12 |
---------------+-------------------------------------+-----
Axes           | 4 5 6 7 9 11 13 14 15 | 15.9
Fighting       | 4 5 6 7 8 9 11 12 | 12.0
Armour         | 3 4 5 6 8 9 10 11 | 11.7
Dodging        | 3 4 5 6 7 8 9 10 | 10.9

Action                   |  1- 3 |  4- 6 |  7- 9 | 10-12 || total
-------------------------+-------+-------+-------+-------++-------
Melee: Hand axe          |    83 |   152 |    42 |       ||   277
       Headbutt          |     5 |    26 |    49 |    92 ||   172
       War axe           |       |       |   218 |   410 ||   628
Throw: Tomahawk          |       |       |    10 |    28 ||    38
       Javelin           |       |       |       |     3 ||     3
Invok: Berserk           |       |     4 |     7 |    18 ||    29
       Trog's Hand       |       |     3 |     4 |    17 ||    24
       Brothers in Arms  |       |       |       |     4 ||     4
Evoke: Wand              |       |       |     4 |     5 ||     9
  Use: Scroll            |       |     6 |     4 |    18 ||    28
       Potion            |       |       |       |     3 ||     3
  Eat: Chunk             |     1 |    11 |    17 |    64 ||    93
       Ration            |       |       |     2 |     3 ||     5
Armor: Animal skin       |     7 |       |       |       ||     7
       Ring mail         |    23 |     9 |    17 |    70 ||   119
       Chain mail        |       |    52 |   100 |   112 ||   264
       Skin              |       |       |     1 |       ||     1
Dodge: Dodged            |    55 |    59 |   109 |   171 ||   394
Block: Buckler           |     4 |    26 |    35 |     9 ||    74
       Shield            |       |       |       |   176 ||   176

Table legend:
 A = Spawn XP
 B = Non-spawn XP
 C = Spawn XP percentage of total XP
 D = Spawn monster count
 E = Non-spawn monster count
 F = Spawn count percentage of total count
 G = Total turns spent on level
                    A         B        C        D         E        F      G
               +---------+---------+-------+---------+---------+-------+---------
         Total |       0 |   34520 |   0.0 |       0 |     332 |   0.0 | 11354
               +---------+---------+-------+---------+---------+-------+---------
           D:1 |       0 |      46 |   0.0 |       0 |      27 |   0.0 |   837
           D:2 |       0 |     135 |   0.0 |       0 |      24 |   0.0 |   813
           D:3 |       0 |     170 |   0.0 |       0 |      24 |   0.0 |   840
           D:4 |       0 |     313 |   0.0 |       0 |      15 |   0.0 |   928
           D:5 |       0 |     700 |   0.0 |       0 |      19 |   0.0 |   670
           D:6 |       0 |     469 |   0.0 |       0 |       6 |   0.0 |   629
           D:7 |       0 |    1669 |   0.0 |       0 |      26 |   0.0 |   894
           D:8 |       0 |    2341 |   0.0 |       0 |      35 |   0.0 |  1010
           D:9 |       0 |    4030 |   0.0 |       0 |      35 |   0.0 |  1324
          D:10 |       0 |    2438 |   0.0 |       0 |      24 |   0.0 |   884
          D:11 |       0 |    6985 |   0.0 |       0 |      29 |   0.0 |  1467
          D:12 |       0 |   10612 |   0.0 |       0 |      52 |   0.0 |   914
          D:13 |       0 |    4612 |   0.0 |       0 |      16 |   0.0 |   144
               +---------+---------+-------+---------+---------+-------+---------
